 Dungeon Crawl Stone Soup version 0.22-a0-515-g75794bf (webtiles) character file.

2692 inc the Destroyer (level 9, -1/45 HPs)
             Began as a Tengu Air Elementalist on June 19, 2018.
             Was a Follower of Vehumet.
             Slain by a hornet (10 damage)
             ... on level 8 of the Dungeon.
             The game lasted 00:21:39 (8885 turns).

inc the Destroyer (Tengu Air Elementalist)          Turns: 8885, Time: 00:21:40

Health: -1/45      AC:  6    Str:  8    XL:     9   Next: 65%
Magic:  12/20      EV: 12    Int: 20    God:    Vehumet [*.....]
Gold:   388        SH:  0    Dex: 14    Spells: 1/21 levels left

rFire    . . .     SeeInvis .   m - +2 short sword (elec)
rCold    . . .     Gourm    .   (no shield)
rNeg     . . .     Faith    .   w - +1 ring mail {MR+}
rPois    .         Spirit   .   (helmet restricted)
rElec    .         Reflect  .   (no cloak)
rCorr    .         Harm     .   (no gloves)
MR       ++...                  (boots unavailable)
Stlth    +.........             i - amulet of regeneration
HPRegen  0.55/turn              g - ring of protection from magic
MPRegen  0.17/turn              q - ring of wizardry

@: lethally poisoned (-1 -> -8), slowed, very slow
A: beak, talons 3, able to fly 1
a: Fly, Renounce Religion


You were on level 8 of the Dungeon.
You worshipped Vehumet.
Vehumet was aware of your devotion.
You were hungry.

You visited 2 branches of the dungeon, and saw 9 of its levels.

You collected 388 gold pieces.

Inventory:

Hand Weapons
 d - a +0 short sword
 h - a +0 dagger of venom
 m - a +2 short sword of electrocution (weapon)
 y - a +0 dagger of electrocution
Armour
 a - a +0 robe
 w - a +1 ring mail of magic resistance (worn)
Jewellery
 g - a ring of protection from magic (left hand)
 i - an amulet of regeneration (around neck)
 q - a ring of wizardry (right hand)
 x - an uncursed ring of resist corrosion
Wands
 o - a wand of flame (43)
Scrolls
 b - 3 scrolls of remove curse {unknown}
 f - 7 scrolls of identify
 j - 2 scrolls of amnesia {unknown}
 k - 2 scrolls of enchant armour {unknown}
 l - 2 scrolls of enchant weapon {unknown}
 n - a scroll of immolation {unknown}
 p - 7 scrolls of teleportation {unknown}
 r - 3 scrolls of magic mapping {unknown}
 s - a scroll of random uselessness {unknown}
 t - a scroll of holy word {unknown}
 v - a scroll of blinking {unknown}
 C - a scroll of fear {unknown}
Potions
 e - 4 potions of curing
 u - a potion of heal wounds {unknown}
 z - a potion of ambrosia {unknown}
 A - a potion of brilliance {unknown}
 B - a potion of might
Comestibles
 c - 13 rations


   Skills:
 + Level 5.2 Dodging
 - Level 2.0 Stealth
 - Level 6.7 Spellcasting
 - Level 9.7 Conjurations
 - Level 9.3 Air Magic


You had one spell level left.
You knew the following spells:

 Your Spells              Type           Power        Failure   Level  Hunger
a - Shock                 Conj/Air       ####         1%          1    None
b - Static Discharge      Conj/Air       #####...     1%          3    #......
c - Airstrike             Air            #####.....   2%          4    ###....
d - Lightning Bolt        Conj/Air       #####.....   7%          5    #####..
e - Swiftness             Chrm/Air       ####....     2%          2    None
f - Passwall              Tmut/Erth      #.......     17%         2    None
g - Regeneration          Chrm/Necr      #.........   32%         3    #......

Your spell library contained the following spells:

 Spells                   Type           Power        Failure   Level  Hunger
 Stone Arrow              Conj/Erth      ####..       4%          3    #......
 Lee's Rapid Deconstruct  Erth           #.........   96%         5    #####..
 Sandblast                Erth           #.....       12%         1    None
 Petrify                  Tmut/Erth      #.......     71%         4    ###....
 Shroud of Golubria       Chrm/Tloc      #.........   17%         2    None
 Infusion                 Chrm           #...         12%         1    None
 Song of Slaying          Chrm           #.......     17%         2    None
 Spectral Weapon          Hex/Chrm       #.......     32%         3    #......


Dungeon Overview and Level Annotations

Branches:
Dungeon (8/15)             Temple (1/1) D:4
   Lair: D:8-11

Altars:
Ashenzari
Cheibriados
Dithmenos
Elyvilon
Fedhas
Gozag
Hepliaklqana
Kikubaaqudgha
Makhleb
Nemelex Xobeh
Okawaru
Qazlal
Ru
Sif Muna
Trog
Uskayaw
Vehumet
Wu Jian
Xom
Yredelemnul
Zin
The Shining One
Lugonu

Shops:
D:7 (

Annotations:
D:2 Sigmund
D:7 1 transporter


Innate Abilities, Weirdness & Mutations

You have a beak for a mouth.
You have claws for feet.
You can fly.


Message History

Confirm with . or Enter, or press ? or * to list all spells.
The hornet is struck by lightning.
The hornet is moderately wounded.
The lightning arcs!
The gnoll is struck by lightning.
The gnoll is moderately wounded.
The lightning arcs!
The gnoll is struck by lightning.
The gnoll is heavily wounded.
The lightning grounds out.
You feel yourself speed up.
You feel sick. The hornet stings you!
You feel yourself slow down. The gnoll closely misses you.
The orc priest hits you with a flail. The hornet stings you.
* * * LOW HITPOINT WARNING * * *
You are more poisoned.
You feel as though you will be slow longer.
* * * LOW HITPOINT WARNING * * *
You feel very sick. The hornet barely misses you. The gnoll closely misses you.
The orc priest closely misses you. The hornet stings you!
You die...

. ### ...## #..
. .. #.# #.#.
#.# #.#. #.#
#.. #@# ##.
......ogyl.....
#.>
.o.o...olg5#...
#..
....#####..#
#.# ... .g..
#.. .. ..#.#
#..# [ .....
#... ....#
..... #.##..


You could see a hornet, an orc priest, 3 gnolls, a crimson imp, 3 orcs, a
leopard gecko and a frilled lizard.

Vanquished Creatures
  A spriggan (D:7)
  A sky beast (D:5)
  4 ice beasts
  A necrophage (D:5)
  6 ogres
  2 centaurs (D:5)
  A big kobold (D:5)
  A gnoll sergeant (D:7)
  A bullfrog (D:6)
  A howler monkey (D:6)
  A bullfrog zombie (D:8)
  A crimson imp (D:7)
  A quasit (D:6)
  A gnoll shaman (D:8)
  5 orc priests
  9 orc wizards
  2 bullfrog skeletons
  Jessica (D:2)
  A centaur skeleton (D:6)
  3 iguanas (D:6)
  2 worker ants (D:7)
  A hound zombie (D:6)
  A hound skeleton (D:7)
  A howler monkey zombie (D:6)
  Robin (D:2)
  6 adders
  7 gnolls
  7 shadow imps
  An ooze (D:5)
  2 adder skeletons
  An adder zombie (D:5)
  3 worms
  3 dart slugs
  3 leopard geckos
  21 orcs
  A ball python (D:7)
  8 giant cockroaches
  8 hobgoblins
  6 jackals
  A quokka (D:3)
  4 bats
  4 frilled lizards
  17 goblins
  A jackal zombie (D:7)
  9 kobolds
  8 rats
171 creatures vanquished.

Vanquished Creatures (others)
  A plant (D:8)
1 creature vanquished.

Grand Total: 172 creatures vanquished

Notes
Turn   | Place    | Note
-------+----------+-------------------------------------------
     0 | D:1      | inc the Tengu Air Elementalist began the quest for the Orb.
     0 | D:1      | Reached XP level 1. HP: 10/10 MP: 4/4
   194 | D:1      | Reached XP level 2. HP: 15/15 MP: 0/6
   914 | D:1      | Reached XP level 3. HP: 19/19 MP: 3/7
  1308 | D:2      | Noticed Robin
  1313 | D:2      | Killed Robin
  1332 | D:2      | Reached skill level 5 in Conjurations
  1332 | D:2      | Reached XP level 4. HP: 11/24 MP: 1/8
  1418 | D:2      | Noticed Sigmund
  1455 | D:2      | Learned a level 3 spell: Static Discharge
  1514 | D:2      | Noticed Jessica
  1525 | D:2      | Killed Jessica
  2093 | D:3      | Gained mutation: You can fly. [Tengu growth]
  2093 | D:3      | Reached XP level 5. HP: 24/28 MP: 2/9
  2339 | D:3      | Reached skill level 5 in Air Magic
  3045 | D:3      | Reached XP level 6. HP: 32/32 MP: 5/10
  3327 | D:4      | Found a snail-covered altar of Cheibriados.
  3406 | D:4      | Found a staircase to the Ecumenical Temple.
  3528 | Temple   | Entered the Ecumenical Temple
  3595 | Temple   | Became a worshipper of Vehumet
  3660 | D:4      | Found a transporter.
  3686 | D:4      | Found a transporter.
  3925 | D:4      | Learned a level 4 spell: Airstrike
  4451 | D:5      | Entered Level 5 of the Dungeon
  4468 | D:4      | Reached XP level 7. HP: 31/36 MP: 7/11
  5177 | D:5      | Reached skill level 5 in Spellcasting
  5177 | D:5      | Reached XP level 8. HP: 30/41 MP: 1/16
  6439 | D:6      | Reached * piety under Vehumet
  6439 | D:6      | Offered knowledge of Flame Tongue by Vehumet.
  6756 | D:6      | Reached XP level 9. HP: 37/45 MP: 14/20
  7322 | D:7      | Found a shattered altar of Ashenzari.
  7483 | D:6      | Learned a level 5 spell: Lightning Bolt
  7486 | D:6      | Learned a level 2 spell: Swiftness
  7489 | D:6      | Learned a level 2 spell: Passwall
  7792 | D:7      | Learned a level 3 spell: Regeneration
  8010 | D:7      | Found a transporter.
  8017 | D:7      | Found a corrupted altar of Lugonu.
  8365 | D:7      | Found Zeis's Weapon Shop.
  8587 | D:8      | Noticed a two-headed ogre
  8588 | D:8      | Noticed a hornet
  8745 | D:8      | Reached skill level 5 in Dodging
  8883 | D:8      | Offered knowledge of Throw Flame by Vehumet.
  8885 | D:8      | Slain by a hornet

Vault maps used:
D:1:      elethiomel_arrival_infinity_welcomes_careful_drivers, serial_forest,
          infiniplex_forest_straight_3, infiniplex_forest_straight_2,
          infiniplex_forest_straight_2, infiniplex_forest_clump_small,
          infiniplex_forest_clump_long, infiniplex_forest_end_1,
          infiniplex_forest_clump_medium
D:2:      uniq_robin, uniq_sigmund, uniq_jessica
D:3:      minmay_misc_feat_pillars, grunt_ministairs_13, fountainhead
D:4:      gammafunk_wand_slinger, minmay_temple_entry_statues, first_ration,
          minmay_misc_feat_five, cheibriados_altar_1
D:5:      kennysheep_generic_room_13
D:7:      gammafunk_corrupted_shrine, serial_shops, kennysheep_little_box,
          basic_altar, grunt_decor_mini_mirrors, hangedman_decor_push,
          the_bakery
D:8:      minmay_lizard_king
Temple:   grunt_wide_crystal_templ

Skill      XL: |  1  2  3  4  5  6  7  8  9 |
---------------+----------------------------+-----
Conjurations   | 2 3 5 6 7 8 9 |  9.7
Air Magic      | 5 6 8 9 |  9.3
Spellcasting   | 5 6 |  6.7
Dodging        | 5 |  5.2
Stealth        | |  2.0

Action                   |  1- 3 |  4- 6 |  7- 9 || total
-------------------------+-------+-------+-------++-------
Melee: Short sword       |     6 |     7 |    10 ||    23
       Peck              |     2 |     4 |     1 ||     7
       Dagger            |       |    14 |       ||    14
       Kick              |       |     5 |     1 ||     6
 Cast: Shock             |    58 |   122 |   206 ||   386
       Static Discharge  |       |     4 |    13 ||    17
       Airstrike         |       |     2 |    41 ||    43
       Swiftness         |       |       |     1 ||     1
  Use: Scroll            |       |     1 |       ||     1
 Stab: Sleeping          |       |     2 |     1 ||     3
  Eat: Chunk             |     2 |     8 |    16 ||    26
       Ration            |       |     1 |     1 ||     2
Armor: Robe              |     3 |     3 |     4 ||    10
       Ring mail         |       |       |    14 ||    14
Dodge: Dodged            |    15 |    22 |    42 ||    79

Table legend:
 A = Spawn XP
 B = Non-spawn XP
 C = Spawn XP percentage of total XP
 D = Spawn monster count
 E = Non-spawn monster count
 F = Spawn count percentage of total count
 G = Total turns spent on level
                    A         B        C        D         E        F      G
               +---------+---------+-------+---------+---------+-------+---------
         Total |       0 |    3846 |   0.0 |       0 |     171 |   0.0 |  8885
               +---------+---------+-------+---------+---------+-------+---------
           D:1 |       0 |      34 |   0.0 |       0 |      21 |   0.0 |  1086
           D:2 |       0 |     126 |   0.0 |       0 |      26 |   0.0 |   924
           D:3 |       0 |     190 |   0.0 |       0 |      29 |   0.0 |  1269
           D:4 |       0 |     264 |   0.0 |       0 |      11 |   0.0 |  1263
           D:5 |       0 |     993 |   0.0 |       0 |      26 |   0.0 |  1128
           D:6 |       0 |     945 |   0.0 |       0 |      27 |   0.0 |  1485
           D:7 |       0 |    1044 |   0.0 |       0 |      26 |   0.0 |  1590
           D:8 |       0 |     250 |   0.0 |       0 |       5 |   0.0 |    67
               +---------+---------+-------+---------+---------+-------+---------
